 Dungeon Crawl Stone Soup version 0.17-a0-1110-g19bd574 (console) character file.

9587 Monkaria the Protected (level 11, -3/90 HPs)
             Began as a Demonspawn Chaos Knight on May 22, 2015.
             Slain by an eight-headed hydra (12 damage)
             ... on level 2 of the Lair of Beasts.
             The game lasted 00:24:56 (9088 turns).

Monkaria the Protected (Demonspawn Chaos Knight)    Turns: 9088, Time: 00:24:56

Health: -3/90      AC: 11    Str: 18    XL:     11   Next: 25%
Magic:  11/11      EV: 11    Int: 13    God:    Xom [..*...]
Gold:   745        SH:  0    Dex: 14    Spells: 0 memorised, 10 levels left

rFire  + + .     SeeInvis +     X - +3 falchion (freeze)
rCold  . . .     Clarity  +     u - +0 ring mail of Ru's Castigation {rF+ Str+3 SInv} (curse)
rNeg   . . .     SustAt   .     (no shield)
rPois  .         Gourm    .     (helmet restricted)
rElec  +         Spirit   .     (no cloak)
rCorr  .         Warding  .     i - +0 pair of gloves
rMut   .         Stasis   .     (no boots)
MR     .....                    N - amulet of Vitality {Regen+ HP+15}
Stlth  +.........               o - ring of protection from fire
                                S - +3 ring of slaying (curse)

@: lethally poisoned (-3 -> -5), not resistant to hostile enchantments, very
unstealthy
A: claws 1, horns 1, slimy green scales 1, blink 1, blurry vision 1, clarity,
regeneration 1, electricity resistance, spiny 3
a: Blink, Renounce Religion


You were on level 2 of the Lair of Beasts.
You worshipped Xom.
You were a toy of Xom.
You were very hungry.

You visited 3 branches of the dungeon, and saw 11 of its levels.

You collected 745 gold pieces.

Inventory:

Hand weapons
 e - a +0 double sword of freezing
 K - a +0 blowgun
 X - a +3 falchion of freezing (weapon)
 Y - a +3 great sword of freezing
Missiles
 l - 55 poisoned needles
 v - 8 tomahawks (quivered)
 R - 11 javelins
Armour
 i - a +0 pair of gloves (worn)
 u - the cursed +0 ring mail of Ru's Castigation (worn) {rF+ Str+3 SInv}
   (You found it on level 5 of the Dungeon)

   It affects your strength (+3).
   It protects you from fire.
   It lets you see invisible.
   It has a curse placed upon it.
Jewellery
 o - a ring of protection from fire (right hand)
 N - the amulet of Vitality (around neck) {Regen+ HP+15}
   (You found it on level 6 of the Dungeon)

   [amulet of regeneration]

   It affects your health (+15).
   It increases your rate of regeneration.
 S - a cursed +3 ring of slaying (left hand)
Magical devices
 a - a wand of confusion (21)
 h - a wand of hasting (9)
 y - a wand of slowing (26)
 C - a wand of frost (30)
 E - a wand of lightning (4)
 I - a wand of confusion (25)
 O - a wand of slowing (27)
 P - a wand of digging (13)
 Q - a wand of magic darts (27)
 U - a wand of frost (19)
Scrolls
 k - a scroll of recharging
 n - 2 scrolls of teleportation
 t - 2 scrolls of fear
 x - 2 scrolls of remove curse
 M - 2 scrolls of identify
 V - a scroll of fog
 Z - 2 scrolls of magic mapping
Potions
 d - a potion of invisibility
 f - a potion of agility
 p - a potion of haste
 G - 5 potions of curing
 L - 2 potions of resistance
Books
 m - a book of Cantrips

   Spells                             Type                      Level
   a - Corona                         Hexes                        1
   b - Animate Skeleton               Necromancy                   1
   c - Summon Small Mammal            Summoning                    1
   d - Apportation                    Translocation                1
Miscellaneous
 A - a box of beasts
Comestibles
 c - 6 bread rations
 g - a slice of pizza
 q - 4 fruits


   Skills:
 - Level 3.1 Fighting
 - Level 9.2 Long Blades
 + Level 13.3 Armour
 - Level 1.1 Dodging


You had 10 spell levels left.
You didn't know any spells.

Dungeon Overview and Level Annotations

Branches:
Dungeon (8/15)             Temple (1/1) D:7            Lair (2/8) D:8

Altars:
Ashenzari
Cheibriados
Dithmenos
Elyvilon
Fedhas
Gozag
Kikubaaqudgha
Makhleb
Nemelex Xobeh
Okawaru
Qazlal
Ru
Sif Muna
Trog
Vehumet
Xom
Yredelemnul
Zin
The Shining One
Lugonu

Annotations:
D:3 Monkaria's ghost, average DsCK


Innate Abilities, Weirdness & Mutations

You have sharp fingernails.
You are partially covered in slimy green scales (AC +2).
You are completely covered in sharp spines.
You have a pair of small horns on your head.
You can translocate small distances at will.
Scrolls take you a little longer to read.
You possess an exceptional clarity of mind.
Your natural rate of healing is unusually fast.
You are resistant to electric shocks.


Message History

You feel sick.
Read which item? (? for menu, Esc to quit)
Really read with blurry vision while enemies are nearby?
The eight-headed hydra is struck by your spines.
The eight-headed hydra bites you. x2
The eight-headed hydra barely misses you.
The eight-headed hydra bites you!
The eight-headed hydra bites you but does no damage.
The eight-headed hydra bites you. x3
You begin reading the scroll.
You continue reading the scroll.
You feel sick. The eight-headed hydra bites you!
* * * LOW HITPOINT WARNING * * *
The eight-headed hydra bites you but does no damage. x2
The eight-headed hydra bites you.
* * * LOW HITPOINT WARNING * * *
The eight-headed hydra bites you.
* * * LOW HITPOINT WARNING * * *
The eight-headed hydra bites you!
You die...
Xom roars with laughter!

##.**#....................
..# #.........###........
#.####.......###........
**#..#.......###.........
#........#####...P....
##.........##.........
##....................
#...D#................
#.###@..#...##..#....#
####.#...#..##...#.#.. ###
###..###..P##..####.
#.####.....##...#..#.###.
#..#........##........##.
###.........#.#..........
#.#...#..#..............
####.######.............
##.## #P.......##....


You could see an eight-headed hydra.

Vanquished Creatures
  The ghost of tyrsky the Protected, a powerful MiBe of Trog (Lair:2)
  Harold (Lair:2)
  An anubis guard (D:8)
  2 black mambas
  A spiny frog (Lair:1)
  3 komodo dragons (Lair:1)
  4 wyverns
  7 yaks
  2 hippogriffs
  3 humans
  Edmund (D:4)
  5 water moccasins
  An orc warrior (D:5)
  A phantom (D:4)
  2 sky beasts
  3 ogres
  2 crocodiles (Lair:1)
  A big kobold (D:8)
  An ice beast (D:5)
  3 giant frogs
  Dowan (D:4)
  5 wights (D:7)
  3 hounds
  2 crimson imps (D:6)
  A quasit (D:2)
  3 giant frog skeletons
  2 jellies (D:8)
  2 orc priests
  8 iguanas
  4 hell rats (D:8)
  6 orc wizards
  8 worker ants
  A killer bee zombie (D:7)
  7 sheep
  A hound skeleton (D:8)
  Robin (D:4)
  10 adders
  23 river rats
  2 shadow imps
  A giant eyeball (D:3)
  2 oozes
  2 adder skeletons
  A worm (D:2)
  5 giant geckos
  18 orcs
  16 goblins
  16 hobgoblins
  7 jackals (D:1)
  7 quokkas
  14 bats
  7 giant cockroaches
  A giant gecko skeleton (D:4)
  2 giant newts
  19 kobolds
  4 quokka skeletons
  15 rats
  A butterfly (Lair:1)
273 creatures vanquished.

Vanquished Creatures (collateral kills)
  Duvessa (D:4)
1 creature vanquished.

Vanquished Creatures (others)
  A butterfly (Lair:1)
1 creature vanquished.

Grand Total: 275 creatures vanquished

Notes
Turn   | Place    | Note
--------------------------------------------------------------
     0 | D:1      | Monkaria the Demonspawn Chaos Knight began the quest for the Orb.
     0 | D:1      | Reached XP level 1. HP: 18/18 MP: 1/1
    17 | D:1      | Reached skill level 1 in Dodging
    67 | D:1      | XOM: harmless Ice miscast
    84 | D:1      | XOM: harmless Tloc miscast
   320 | D:1      | XOM: silly message
   350 | D:1      | Gained mutation: You are partially covered in sharp spines. [demonic ancestry]
   350 | D:1      | Reached XP level 2. HP: 17/24 MP: 2/2
   358 | D:1      | XOM: harmless Hex miscast
   407 | D:1      | XOM: divination: detect creatures
   451 | D:1      | Reached XP level 3. HP: 20/29 MP: 3/3
   584 | D:1      | XOM: god gift: leather armour {god gift}
   747 | D:1      | XOM: god gift: 11 royal jellies
   815 | D:2      | XOM: noise
  1027 | D:2      | Found a radiant altar of Vehumet.
  1149 | D:2      | XOM: divination: detect items
  1180 | D:2      | Gained mutation: You are mostly covered in sharp spines. [demonic ancestry]
  1180 | D:2      | Reached XP level 4. HP: 20/35 MP: 4/4
  1431 | D:2      | XOM: summons 2 hostile demons
  1690 | D:2      | XOM: harmless Ice miscast
  1834 | D:3      | Reached skill level 4 in Long Blades
  1878 | D:3      | XOM: cast spell 'Confusing Touch'
  1883 | D:3      | Paralysed by a giant eyeball for 2 turns
  1910 | D:3      | Found a white marble altar of Elyvilon.
  1928 | D:3      | Gained mutation: Scrolls take you a little longer to read. [potion of mutation]
  1928 | D:3      | Gained mutation: You are somewhat resistant to further mutation. [potion of mutation]
  2016 | D:3      | Noticed an ogre
  2018 | D:3      | XOM: confuse monster(s)
  2024 | D:3      | XOM: divination: detect items
  2031 | D:3      | Killed an ogre
  2031 | D:3      | Reached skill level 5 in Long Blades
  2031 | D:3      | Gained mutation: You are completely covered in sharp spines. [demonic ancestry]
  2031 | D:3      | Reached XP level 5. HP: 41/41 MP: 5/5
  2058 | D:3      | XOM: snakes to sticks
  2059 | D:3      | XOM: vitrification
  2067 | D:3      | Noticed Monkaria's ghost (average DsCK)
  2084 | D:4      | Noticed Robin
  2084 | D:4      | XOM: 1-stop teleportation journey
  2086 | D:4      | XOM: blink monster(s)
  2098 | D:4      | XOM: potion effect (curing)
  2111 | D:4      | Killed Robin
  2132 | D:4      | XOM: give mutations
  2132 | D:4      | Gained mutation: You are resistant to hostile enchantments. [Xom's grace]
  2132 | D:4      | Gained mutation: You can translocate small distances at will. [Xom's grace]
  2132 | D:4      | Lost mutation: You are somewhat resistant to further mutation. [Xom's grace]
  2132 | D:4      | Gained mutation: You evolve. [Xom's grace]
  2177 | D:4      | XOM: god gift: box of beasts
  2231 | D:4      | Found a snail-covered altar of Cheibriados.
  2319 | D:4      | Noticed Edmund
  2334 | D:4      | Killed Edmund
  2334 | D:4      | Reached skill level 6 in Long Blades
  2334 | D:4      | Reached XP level 6. HP: 33/47 MP: 6/6
  2529 | D:4      | Noticed a phantom
  2537 | D:4      | Killed a phantom
  2558 | D:4      | XOM: mild Hex miscast
  2590 | D:4      | XOM: god gift: 21 stones
  2595 | D:4      | Reached XP level 7. HP: 52/52 MP: 7/7
  2779 | D:4      | Noticed Dowan
  2780 | D:4      | Noticed Duvessa
  2791 | D:4      | Reached skill level 7 in Long Blades
  2797 | D:4      | Killed Duvessa
  2798 | D:4      | Killed Dowan
  2891 | D:5      | Entered Level 5 of the Dungeon
  2896 | D:5      | XOM: divination: magic mapping
  3031 | D:5      | Got an encrusted ring mail
  3043 | D:5      | Identified the cursed +0 ring mail of Ru's Castigation {rF+ Str+3 SInv} (You found it on level 5 of the Dungeon)
  3097 | D:5      | Found a stormy altar of Qazlal.
  3099 | D:5      | XOM: confuse monster(s)
  3104 | D:5      | Reached skill level 8 in Long Blades
  3117 | D:5      | XOM: cast spell 'Metabolic Englaciation'
  3132 | D:5      | Lost mutation: You evolve. [mutagenic meat]
  3206 | D:5      | XOM: colour smoke trail
  3392 | D:5      | XOM: mild Fire miscast
  3404 | D:5      | XOM: colour smoke trail
  3414 | D:5      | Found a shattered altar of Ashenzari.
  3439 | D:5      | Gained mutation: You are partially covered in slimy green scales (AC +2). [demonic ancestry]
  3439 | D:5      | Reached XP level 8. HP: 44/58 MP: 8/8
  3581 | D:5      | XOM: swap monsters
  3584 | D:5      | XOM: potion effect (heal wounds)
  3590 | D:5      | XOM: summons friendly crimson imp
  3593 | D:5      | Reached skill level 9 in Long Blades
  3614 | D:5      | Found a blossoming altar of Fedhas.
  3810 | D:5      | XOM: god gift: potion of degeneration
  3971 | D:5      | Found a shadowy altar of Dithmenos.
  4480 | D:6      | XOM: 1-stop teleportation journey
  4521 | D:6      | Found a sacrificial altar of Ru.
  4575 | D:6      | XOM: god gift: 37 gold pieces
  4614 | D:6      | Found a glowing silver altar of Zin.
  4615 | D:6      | Found a sparkling altar of Nemelex Xobeh.
  4618 | D:6      | Found a bloodstained altar of Trog.
  4620 | D:6      | Found an ancient bone altar of Kikubaaqudgha.
  5102 | D:6      | XOM: give mutations
  5102 | D:6      | Gained mutation: Your natural rate of healing is unusually fast. [Xom's grace]
  5102 | D:6      | Gained mutation: You have a pair of small horns on your head. [Xom's grace]
  5102 | D:6      | Gained mutation: You are resistant to electric shocks. [Xom's grace]
  5102 | D:6      | Gained mutation: You possess an exceptional clarity of mind. [Xom's grace]
  5634 | D:7      | XOM is BORED!
  5634 | D:7      | XOM: medium Conj miscast
  5643 | D:7      | XOM: vitrification
  6011 | D:7      | Found an iron altar of Okawaru.
  6018 | D:7      | XOM: mild Pois miscast
  6021 | D:7      | Reached skill level 5 in Armour
  6039 | D:7      | XOM: silly message
  6164 | D:7      | Reached XP level 9. HP: 63/63 MP: 9/9
  6183 | D:7      | Found a staircase to the Ecumenical Temple.
  6196 | Temple   | Entered the Ecumenical Temple
  6358 | D:8      | Noticed a komodo dragon
  6362 | D:8      | Noticed an anubis guard
  6362 | D:8      | a komodo dragon changed into an anubis guard
  6362 | D:8      | XOM: polymorph komodo dragon -> anubis guard
  6372 | D:8      | Killed an anubis guard
  6383 | D:8      | Found a staircase to the Lair.
  6409 | D:8      | XOM: summons 9 friendly demons
  6531 | D:8      | Identified a scroll of acquirement
  6668 | D:8      | Found a shimmering altar of Xom.
  6925 | D:8      | XOM: enchant monster (bad)
  6928 | D:8      | Reached skill level 10 in Armour
  6928 | D:8      | Reached XP level 10. HP: 69/70 MP: 10/10
  7067 | D:8      | XOM: give mutation
  7067 | D:8      | Lost mutation: You are resistant to hostile enchantments. [Xom's mischief]
  7111 | D:8      | Found a deep blue altar of Sif Muna.
  7367 | Lair:1   | Entered Level 1 of the Lair of Beasts
  7372 | Lair:1   | XOM: butterfly on damage
  7434 | Lair:1   | XOM: chaos cloud
  7437 | Lair:1   | XOM: harmless Divn miscast
  7547 | Lair:1   | XOM: butterfly on damage
  7649 | Lair:1   | XOM: potion effect (invisibility)
  7664 | Lair:1   | Noticed a black mamba
  7671 | Lair:1   | Killed a black mamba
  7671 | Lair:1   | Reached skill level 11 in Armour
  7785 | Lair:1   | XOM: silly message
  7786 | Lair:1   | XOM: divination: detect creatures
  7807 | Lair:1   | XOM: harmless Erth miscast
  7840 | Lair:1   | XOM: harmless Fire miscast
  7885 | Lair:1   | XOM: potion effect (berserk rage)
  7893 | Lair:1   | Reached skill level 12 in Armour
  8023 | Lair:1   | XOM: divination: detect items
  8231 | Lair:1   | XOM: harmless Summ miscast
  8369 | Lair:2   | XOM: cast spell 'Dispersal'
  8582 | Lair:2   | XOM: harmless Ice miscast
  8587 | Lair:2   | Gained mutation: You have sharp fingernails. [demonic ancestry]
  8587 | Lair:2   | Reached XP level 11. HP: 75/75 MP: 11/11
  8635 | Lair:2   | Noticed Harold
  8636 | Lair:2   | XOM: potion effect (haste)
  8645 | Lair:2   | XOM: potion effect (invisibility)
  8656 | Lair:2   | Killed Harold
  8656 | Lair:2   | Reached skill level 13 in Armour
  8699 | Lair:2   | Noticed an eight-headed hydra
  8702 | Lair:2   | XOM: potion effect (haste)
  8710 | Lair:2   | XOM: potion effect (haste)
  8757 | Lair:1   | XOM: divination: detect creatures
  8811 | Lair:2   | XOM: divination: detect creatures
  8863 | Lair:2   | XOM: harmless Summ miscast
  8893 | Lair:2   | Noticed tyrsky's ghost (powerful MiBe)
  8903 | Lair:2   | XOM: potion effect (brilliance)
  8917 | Lair:2   | Killed tyrsky's ghost
  8937 | Lair:1   | XOM: harmless Tloc miscast
  9071 | Lair:2   | Noticed a black mamba
  9072 | Lair:2   | XOM: divination: magic mapping
  9075 | Lair:2   | Killed a black mamba
  9088 | Lair:2   | Slain by an eight-headed hydra

Vault maps used:
D:1:      ncdulo_lavacross
D:2:      vehumet_crystals
D:3:      elyvilon_altar_4
D:4:      forest_paths, lemuel_doored_altar, first_bread, uniq_duvessa,
          uniq_robin, uniq_edmund
D:5:      kennysheep_mini_moat, ashenzari_conservatory_becter,
          old_standard_altar, grunt_dithmenos_shadows
D:6:      hangedman_ru_absence, minitemple
D:7:      minmay_temple_entry_poolview, okawaru_humans
D:8:      lemuel_blue_sif_altar, dpeg_lair_monsters, basic_altar,
          grunt_livestock, eino_curves_01, minmay_misc_feat_more_columns
Temple:   corrupted_temple
Lair:1:   lemuel_fruit_fields
Lair:2:   lemuel_fruit_tree, grunt_megastairs_4, uniq_sonja, uniq_harold

Action                   |  1- 3 |  4- 6 |  7- 9 | 10-12 || total
-------------------------+-------+-------+-------+-------++-------
Melee: Falchion          |    72 |    89 |   188 |   153 ||   502
Throw: Tomahawk          |       |     1 |    11 |     4 ||    16
  Use: Scroll            |       |     5 |    13 |    11 ||    29
       Potion            |       |     1 |     1 |     1 ||     3
 Stab: Confused          |     1 |     1 |     2 |       ||     4
       Petrified         |       |     2 |     2 |       ||     4
       Petrifying        |       |     3 |       |       ||     3
       Distracted        |       |       |     1 |       ||     1
       Invisible         |       |       |       |     9 ||     9
  Eat: Chunk             |     1 |     4 |    15 |    10 ||    30
